 Dungeon Sprint DCSS version 0.28-a0-533-g9f97627e2a (webtiles) character file.

Game seed: 3288831295438109274

91 Conn the Firebug (level 4, -7/27 HPs)
             Began as an Octopode Fire Elementalist on Sept 26, 2021.
             Killed from afar by an oklob sapling (34 damage)
             ... with a splash of acid
             ... in the Dungeon (Sprint IV: "Fedhas' Mad Dash").
             The game lasted 00:02:38 (267 turns).

Conn the Firebug (Octopode Fire Elementalist)        Turns: 267, Time: 00:02:39

Health: -7/27      AC:  1    Str:  7    XL:     4   Next: 57%
Magic:  0/10       EV: 14    Int: 18    God:
Gold:   42         SH:  0    Dex: 12    Spells: 10/11 levels left

rFire   . . .      SeeInvis .   (no weapon)
rCold   . . .      Faith    .   (no shield)
rNeg    . . .      Spirit   .   (helmet restricted)
rPois   .          Reflect  .   e - amulet of invisibility {+Inv}
rElec   .          Harm     .   (no ring)
rCorr   .          Rampage  .   (no ring)
Will    .....      NoTele   +   (no ring)
Stlth   +++.......              (no ring)
HPRegen 0.09/turn               (no ring)
MPRegen 0.12/turn               (no ring)
                                (no ring)
                                (no ring)

@: very slightly contaminated
A: almost no armour, amphibious, 8 rings, camouflage 1, gelatinous body 1,
(nimble swimmer 1), tentacles
a: Evoke Invisibility


You were in the Dungeon.
You visited 1 branch You collected 42 gold pieces.

Inventory:

Jewellery
 e - the amulet of invisibility (around mantle) {+Inv}
   (You found it in the Dungeon)

   [amulet of nothing]

   +Inv:      It lets you turn invisible.
Potions
 a - a potion of curing
 b - a potion of heal wounds
 c - a potion of haste
 d - 2 potions of magic
 f - 2 potions of cancellation {unknown}


   Skills:
 + Level 0.1 Fighting
 + Level 3.5 Dodging
 + Level 4.2 Stealth
 + Level 0.8 Unarmed Combat
 + Level 4.0 Spellcasting
 + Level 1.9 Conjurations
 + Level 6.9 Fire Magic


You had 10 spell levels left.
You knew the following spells:

 Your Spells              Type           Power      Damage    Failure   Level
a - Foxfire               Conj/Fire      76%        2x1d7     2%          1

Your spell library contained the following spells:

 Spells                   Type           Power      Damage    Failure   Level
 Scorch                   Fire           56%        2d8       1%          2
 Conjure Flame            Conj/Fire      19%        6-21      7%          3
 Inner Flame              Hex/Fire       16%        N/A       11%         3
 Flame Wave               Conj/Fire      19%        3d5       24%         4


Dungeon Overview and Level Annotations

Branches:
Dungeon (1/1)

Altars:

Annotations:
D exclusion: oklob sapling


Innate Abilities, Weirdness & Mutations

You cannot wear most types of armour.
You are amphibious.
You can wear up to eight rings at the same time.
Your skin changes colour to match your surroundings (Stealth+).
Your rubbery body absorbs attacks. (AC +1, EV +1)
((You are camouflaged near water. (Stealth+)))
You have tentacles for arms and can constrict up to eight enemies at once.


Message History

Confirm with . or Enter, or press ? or * to list all spells.
You conjure some foxfire!
Unknown command.
Casting: Foxfire (safe; 2% risk of failure)
Confirm with . or Enter, or press ? or * to list all spells.
You conjure some foxfire!
You flicker back into view.
Unknown command.
Casting: Foxfire (safe; 2% risk of failure)
Confirm with . or Enter, or press ? or * to list all spells.
You conjure some foxfire!
The foxfire hits the oklob sapling but does no damage. x2
The foxfire hits the oklob sapling.
The oklob sapling is heavily damaged.
Unknown command.
Casting: Foxfire (safe; 2% risk of failure)
Confirm with . or Enter, or press ? or * to list all spells.
You conjure some foxfire!
The foxfire hits the oklob sapling but does no damage.
The oklob sapling is heavily damaged.
The foxfire hits the oklob sapling but does no damage.
The oklob sapling is heavily damaged.
The foxfire hits the oklob sapling but does no damage.
The oklob sapling is heavily damaged.
Casting: Foxfire (safe; 2% risk of failure)
Confirm with . or Enter, or press ? or * to list all spells.
You conjure some foxfire!
The foxfire hits the oklob sapling.
The oklob sapling is almost destroyed.
The foxfire hits the oklob sapling but does no damage.
The oklob sapling is severely damaged.
Unknown command.
The foxfire hits the oklob sapling but does no damage.
The oklob sapling is severely damaged.
The foxfire hits the oklob sapling but does no damage.
The oklob sapling is severely damaged.
Unknown command.
The oklob sapling spits acid at you. The splash of acid hits you!!
Ouch! That really hurt!
You die...

##################
#<...#.....#.....#
#..†.'.....'.#.§.+
#....#.....#.#.§@#
###############'##
+... #$P$# #####


You could see an oklob sapling.

Vanquished Creatures
  A scorpion (D)
  An oklob sapling (D)
  A river rat (D)
  A rat (D)
4 creatures vanquished.

Vanquished Creatures (others)
  30 foxfires (D)
  7 fungi (D)
37 creatures vanquished.

Grand Total: 41 creatures vanquished

Notes
Turn   | Place    | Note
-------+----------+-------------------------------------------
     0 | D        | Conn the Octopode Fire Elementalist began the quest for the
                  | Orb.
     0 | D        | Reached XP level 1. HP: 11/11 MP: 3/3
    28 | D        | Reached skill level 4 in Fire Magic
    28 | D        | Reached XP level 2. HP: 17/17 MP: 0/5
    70 | D        | Noticed an oklob sapling
    71 | D        | Noticed a scorpion
    71 | D        | Found the amulet of invisibility {+Inv}
    77 | D        | Killed a scorpion
    78 | D        | Reached skill level 6 in Fire Magic
    78 | D        | Reached XP level 3. HP: 9/21 MP: 2/8
    78 | D        | Reached XP level 4. HP: 12/27 MP: 2/9
   267 | D        | Killed from afar by an oklob sapling

Illustrated notes

Levels and vault maps discovered:
D:        dungeon_sprint_fedhas [sprint_temple]

Skill      XL: |  1  2  3  4 |
---------------+-------------+-----
Stealth        | 3 4 |  4.2
Fire Magic     | 4 6 |  6.9
Dodging        | 3 |  3.5
Spellcasting   | 3 4 |  4.0
Fighting       | |  0.1
Unarmed Combat | |  0.8
Conjurations   | |  1.9

Action                   |  1- 3 |  4- 6 || total
-------------------------+-------+-------++-------
Melee: Unarmed           |    21 |       ||    21
       Constrict         |    10 |       ||    10
       Tentacles         |     4 |       ||     4
 Cast: Foxfire           |     5 |    12 ||    17
 Abil: Evoke Invisibilit |       |     2 ||     2
  Use: Potion            |     1 |       ||     1
       Scroll            |     1 |       ||     1
Dodge: Dodged            |     5 |       ||     5

Table legend: (Time is in decaauts)
 A = Elapsed time spent in this place.
 B = Non-inter-level travel time spent in this place.
 C = Inter-level travel time spent in this place.
 D = Time resting spent in this place.
 E = Time spent auto-exploring this place.
 F = Levels seen in this place.
 G = Mean time per level.
                   A        B        C        D        E       F      G
               +--------+--------+--------+--------+--------+-----+--------+
         Total |    275 |    275 |      0 |    158 |      0 |   1 |  275.0 |
       Dungeon |    275 |    275 |      0 |    158 |      0 |   1 |  275.0 |
               +--------+--------+--------+--------+--------+-----+--------+

Top non-repeatable levels by time:
       D: 275 daAuts
